 Dungeon Crawl Stone Soup version 0.29-a0-613-gf2c431b9b9 (webtiles) character file.

Game seed: 16041743941378432862

302 ytrimaz the Insei (level 6, 0/38 HPs)
             Began as an Octopode Transmuter on June 17, 2022.
             Slain by an orc priest
             ... wielding a +0 dagger
              (3 damage)
             ... on level 4 of the Dungeon.
             The game lasted 00:07:08 (3982 turns).

ytrimaz the Insei (Octopode Transmuter)             Turns: 3982, Time: 00:07:08

Health: 0/38       AC:  1    Str: 15    XL:     6   Next: 37%
Magic:  8/9        EV: 13    Int: 18    God:
Gold:   890        SH:  0    Dex: 12    Spells: 0/9 levels left

rFire   . . .      SeeInvis .     - Unarmed
rCold   . . .      Faith    .   (no shield)
rNeg    . . .      Spirit   .   (helmet restricted)
rPois   .          Reflect  .   (no amulet)
rElec   .          Harm     .   g - +6 ring of strength
rCorr   .          Rampage  .   (no ring)
Will    .....                   (no ring)
Stlth   ++........              (no ring)
HPRegen 0.12/turn               (no ring)
MPRegen 0.11/turn               (no ring)
                                (no ring)
                                (no ring)

@: no status effects
A: almost no armour, amphibious, 8 rings, camouflage 1, gelatinous body 1,
(nimble swimmer 1), tentacles
a: no special abilities


You were on level 4 of the Dungeon.
You visited 1 branch of the dungeon, and saw 4 of its levels.

You collected 1130 gold pieces.
You spent 240 gold pieces at shops.

Inventory:

Jewellery
 g - a +6 ring of strength (left tentacle)
Scrolls
 d - 3 scrolls of teleportation
 k - a scroll of immolation {unknown}
 m - 4 scrolls of amnesia {unknown}
Potions
 b - a potion of brilliance
 f - a potion of berserk rage {unknown}
 h - a potion of heal wounds {unknown}
 i - a potion of might {unknown}
 l - 2 potions of curing {unknown}


   Skills:
 - Level 1.0 Fighting
 - Level 2.0 Dodging
 - Level 0.6 Stealth
 + Level 6.9 Unarmed Combat
 - Level 2.0 Spellcasting
 - Level 2.0 Transmutations


You couldn't memorise any spells.
You knew the following spells:

 Your Spells              Type           Power      Damage    Failure   Level
a - Beastly Appendage     Tmut           18%        N/A       8%          1
b - Wereblood             Tmut           9%         N/A       12%         2
c - Spider Form           Tmut/Pois      5%         N/A       34%         3
d - Ozocubu's Armour      Ice            1%         N/A       47%         3

Your spell library contained the following spells:

 Spells                   Type           Power      Damage    Failure   Level
 Slow                     Hex            4%         N/A       19%         1
 Confusing Touch          Hex            1%         N/A       47%         3
 Dazzling Flash           Conj/Hex       2%         N/A       47%         3
 Vampiric Draining        Necr           1%         2d6       47%         3
 Ice Form                 Ice/Tmut       5%         N/A       75%         4
 Agony                    Necr           1%         N/A       99%         5
 Silence                  Hex/Air        0%         N/A       99%         5
 Ozocubu's Refrigeration  Ice            0%         4d5       100%        7


Dungeon Overview and Level Annotations

Branches:
Dungeon (4/15)
 Temple: D:4-7

Altars:

Shops:
D:2 [   D:3 :

Annotations:
D:3 Sigmund


Innate Abilities, Weirdness & Mutations

You cannot wear most types of armour.
You are amphibious.
You can wear up to eight rings at the same time.
Your skin changes colour to match your surroundings (Stealth+).
Your rubbery body absorbs attacks. (AC +1, EV +1)
((You are camouflaged when in or above water. (Stealth+)))
You have tentacles for arms and can constrict up to eight enemies at once.


Message History

You constrict the orc priest, but do no damage.
The adder bites you.
You are poisoned.
The adder poisons you!
You release your grip on the orc priest.
You feel sick. The orc priest barely misses you. The adder closely misses you.
There is a stone staircase leading down here.
You closely miss the orc priest. You grab the orc priest.
You constrict the orc priest, but do no damage.
You feel sick. The adder bites you.
The orc priest miscasts a cantrip.
You are too injured to fight recklessly!
You bludgeon the orc priest! You squeeze the orc priest.
The orc priest is almost dead.
You constrict the orc priest, but do no damage.
You feel sick. The adder barely misses you.
The orc priest hits you but does no damage.
The orc priest calls down the wrath of Beogh upon you.
Beogh smites you!
* * * LOW HITPOINT WARNING * * *
The adder bites you.
* * * LOW HITPOINT WARNING * * *
Unknown command.
Really quaff the potion of lignification?
You turn into a tree.
Your roots penetrate the ground.
You lose your grip on the orc priest.
You feel sick.
A hobgoblin comes into view.
The adder bites you.
* * * LOW HITPOINT WARNING * * *
Unknown command.
Unknown command.
It was a potion of cancellation.
Your magical effects are unravelling.
You feel magically purged.
You feel less wooden.
Your primal bloodlust has ended.
You feel sick.
You are no longer poisoned.
The adder barely misses you.
The orc priest hits you with a +0 dagger.
You die...

#..........# #.....o....# ..
######.h>## #.. #....##
#..## ##.#.## #...#
####..#.# #.#.# ###h.J.##.#
##### #.#.####.So#####.####
....####.#.##...@o†)).......
.......#.#..g..########.####
####........##.# .#
.....#......#..#
######....#...## #.......##
##....#..# #...##...# ....#
.#.#


You could see 2 orc priests, an adder, an endoplasm, a jackal and a hobgoblin.

Vanquished Creatures
  A hound (D:4)
  Jessica (D:3)
  An iguana (D:3)
  2 orc wizards
  A gnoll (D:2)
  7 adders
  An adder zombie (D:2)
  An adder skeleton (D:2)
  3 dart slugs
  A worm (D:2)
  8 orcs
  4 bats
  4 endoplasms
  2 giant cockroaches
  7 goblins
  3 hobgoblins
  10 jackals
  4 quokkas
  4 ball pythons
  A ball python zombie (D:2)
  2 frilled lizards
  3 giant cockroach zombies (D:2)
  2 kobolds
  2 quokka skeletons (D:2)
  5 rats
80 creatures vanquished.

Notes
Turn   | Place    | Note
-------+----------+-------------------------------------------
     0 | D:1      | ytrimaz the Octopode Transmuter began the quest for the
                  | Orb.
     0 | D:1      | Reached XP level 1. HP: 13/13 MP: 3/3
   739 | D:1      | Reached XP level 2. HP: 18/18 MP: 3/5
  1394 | D:2      | Reached skill level 4 in Unarmed Combat
  1394 | D:2      | Reached XP level 3. HP: 19/23 MP: 4/6
  1577 | D:2      | Found Nucialu's Antique Armour Shop.
  1580 | D:2      | Reached XP level 4. HP: 28/28 MP: 5/7
  1693 | D:2      | Reached skill level 5 in Unarmed Combat
  2528 | D:1      | Learned a level 2 spell: Wereblood
  2995 | D:3      | Learned a level 3 spell: Spider Form
  3045 | D:3      | Reached XP level 5. HP: 33/33 MP: 6/8
  3246 | D:3      | Noticed Sigmund
  3322 | D:3      | Reached skill level 6 in Unarmed Combat
  3539 | D:3      | Found Giczanil's Book Boutique.
  3583 | D:3      | Noticed Jessica
  3593 | D:3      | Killed Jessica
  3594 | D:3      | Reached XP level 6. HP: 37/38 MP: 5/9
  3798 | D:3      | Identified a scroll of acquirement
  3846 | D:3      | Acquired 918 gold pieces
  3850 | D:3      | Bought Ozocubu's Autobiography for 240 gold pieces
  3854 | D:3      | Learned a level 3 spell: Ozocubu's Armour
  3982 | D:4      | Slain by an orc priest

Illustrated notes

Levels and vault maps discovered:
D:1:      amcnicky_arrival_flooded_fountain, layout_loops_corners
D:2:      layout_basic, serial_shops, shop, serial_undead, serial_undead_d,
          serial_undead_a, serial_undead_f, serial_undead_b
D:3:      minmay_wonky_spiral, layout_basic, serial_shops, nicolae_shop_crystal,
          kennysheep_big_empty_room, uniq_sigmund, uniq_jessica
D:4:      layout_rooms, temple_statues, portal_sewer_entry_f

Skill      XL: |  1  2  3  4  5 |
---------------+----------------+-----
Unarmed Combat | 4 5 6 |  6.9
Fighting       | |  1.0
Dodging        | |  2.0
Stealth        | |  0.6
Spellcasting   | |  2.0
Transmutations | |  2.0

Action                   |  1- 3 |  4- 6 || total
-------------------------+-------+-------++-------
Melee: Unarmed           |    42 |    96 ||   138
       Constrict         |    17 |    28 ||    45
       Tentacles         |    11 |    16 ||    27
       Kick              |    12 |    23 ||    35
       Punch             |       |     4 ||     4
 Cast: Beastly Appendage |    13 |    23 ||    36
       Wereblood         |       |     5 ||     5
       Spider Form       |       |     1 ||     1
  Use: Scroll            |       |     4 ||     4
       Potion            |       |     2 ||     2
 Stab: Sleeping          |    10 |     7 ||    17
Armor: Skin              |     5 |     8 ||    13
Dodge: Dodged            |    16 |    58 ||    74

Table legend: (Time is in decaauts)
 A = Elapsed time spent in this place.
 B = Non-inter-level travel time spent in this place.
 C = Inter-level travel time spent in this place.
 D = Time resting spent in this place.
 E = Time spent auto-exploring this place.
 F = Levels seen in this place.
 G = Mean time per level.
                   A        B        C        D        E       F      G
               +--------+--------+--------+--------+--------+-----+--------+
         Total |   3970 |   3762 |    208 |    359 |   2737 |   4 |  992.5 |
       Dungeon |   3970 |   3762 |    208 |    359 |   2737 |   4 |  992.5 |
               +--------+--------+--------+--------+--------+-----+--------+

Top non-repeatable levels by time:
     D:1: 1606 daAuts
     D:2: 1338 daAuts
     D:3: 919 daAuts
     D:4: 106 daAuts
